 Dungeon Sprint DCSS version 0.21.1-1-g345015f (webtiles) character file.

92 Fang the Chopper (level 4, -10/70 HPs)
             Began as a Minotaur Berserker on June 14, 2018.
             Was a Follower of Trog.
             Mangled by a green draconian
             ... wielding a +0 trident
              (12 damage)
             ... in the Dungeon (Sprint V: "Ziggurat Sprint").
             The game lasted 00:00:32 (234 turns).

Fang the Chopper (Minotaur Berserker)                Turns: 234, Time: 00:00:33

Health: -10/70     AC: 16    Str: 34    XL:     4   Next: 35%
Magic:  3/3        EV: 10    Int:  4    God:    Trog [*.....]
Gold:   0          SH:  0    Dex:  9    Spells: 3/3 levels left

rFire    . . .     SeeInvis .   l - +5 demon trident
rCold    . . .     Gourm    .   (no shield)
rNeg     . . .     Faith    .   j - +5 shadow dragon scales
rPois    .         Spirit   .   (helmet restricted)
rElec    .         Reflect  .   (no cloak)
rCorr    .         Harm     .   (no gloves)
MR       .....     NoTele   +   (no boots)
Stlth    ..........             (no amulet)
HPRegen  0.21/turn              G - ring of flight
MPRegen  0.08/turn              F - +6 ring of strength

@: berserking (expiring), very quick
A: retaliatory headbutt, horns 2
a: Berserk, Burn Spellbooks, Renounce Religion, Evoke Flight


You were in the Dungeon.
You worshipped Trog.
Trog was aware of your devotion.
You were not hungry.

You visited 1 branch

Inventory:

Hand Weapons
 k - a +5 executioner's axe
 l - a +5 demon trident (weapon)
Armour
 j - +5 shadow dragon scales (worn)
Jewellery
 F - a +6 ring of strength (right hand)
 G - a ring of flight (left hand)
Wands
 x - a wand of disintegration (7)
 y - a wand of iceblast (7)
 z - a wand of acid (7)
Scrolls
 i - 4 scrolls of blinking
 m - 7 scrolls of fog
 n - a scroll of holy word
 o - 5 scrolls of identify
 p - 5 scrolls of remove curse
 q - 2 scrolls of fear
Potions
 d - 10 potions of curing
 e - 10 potions of heal wounds
 f - 6 potions of haste
 g - 7 potions of magic
 h - 3 potions of berserk rage
 r - 2 potions of brilliance
 s - 2 potions of invisibility
 t - 4 potions of resistance
 u - a potion of experience
 v - 5 potions of agility
 w - 5 potions of might
Comestibles
 c - 7 rations


   Skills:
 + Level 7.2 Fighting
 + Level 7.2(7.3) Axes
 + Level 1.3(4.7) Polearms
 + Level 4.2 Armour
 + Level 3.9 Dodging


You had 3 spell levels left.
You didn't know any spells.

Dungeon Overview and Level Annotations

Branches:
Dungeon (1/1)

Altars:
Ashenzari
Cheibriados
Dithmenos
Elyvilon
Fedhas
Gozag
Hepliaklqana
Kikubaaqudgha
Makhleb
Nemelex Xobeh
Okawaru
Qazlal
Ru
Sif Muna
Trog
Uskayaw
Vehumet
Wu Jian
Xom
Yredelemnul
Zin
The Shining One
Beogh
Jiyva
Lugonu

Annotations:
D 1 transporter


Innate Abilities, Weirdness & Mutations

You reflexively headbutt those who attack you in melee.
You have a pair of horns on your head.


Message History

The green draconian is severely wounded.
The purple draconian hits you with a +4 long sword of protection!
* * * LOW HITPOINT WARNING * * *
The purple draconian misses you. The green draconian closely misses you.
The green draconian tail-slaps you but does no damage.
You barely miss the green draconian. You headbutt the green draconian!
The green draconian is severely wounded.
The purple draconian hits you with a short sword of speed!
* * * LOW HITPOINT WARNING * * *
Unknown command.
Attack whom?
Press: ? - help, Dir - move target cursor, f - purple draconian
Aim: a purple draconian, wielding a short sword of speed Your shadow dragon scales prevents you from hitting the purple draconian.
You headbutt the purple draconian.
The purple draconian is lightly wounded.
The purple draconian hits you with a +4 long sword of protection.
* * * LOW HITPOINT WARNING * * *
The green draconian hits you with a trident!
You die...

▓▓▓▓▓▓▓▓▓▓▓▓▓
▓.8©8.▓.8©8.▓
▓.[[).▓.....▓
▓.....▓.).".▓
▓.ddd.▓.....▓
▓..@..▓.....▓
▓.....▓..©..▓
▓..©..▓▓▓▓▓▓▓
▓▓▓▓▓▓▓


You could see a green draconian and 2 draconians.

Vanquished Creatures
  A phantom (D)
  An adder zombie (D)
2 creatures vanquished.

Vanquished Creatures (others)
  Maurice (D)
  Grinder (D)
  Eustachio (D)
  Duvessa (D)
4 creatures vanquished.

Grand Total: 6 creatures vanquished

Notes
Turn   | Place    | Note
-------+----------+-------------------------------------------
     0 | D        | Found the +6 Majin-Bo {vamp, Archmagi MP+6 Int+6}
     0 | D        | Found the +7 great mace "Firestarter" {inner flame, rF++}
     0 | D        | Fang the Minotaur Berserker began the quest for the Orb.
     0 | D        | Reached XP level 1. HP: 19/19 MP: 0/0
     2 | D        | Banished a spatial maelstrom
     5 | D        | Found a blossoming altar of Fedhas.
     6 | D        | Found a viscous altar of Jiyva.
     6 | D        | Found a hazy altar of Hepliaklqana.
     6 | D        | Found a transporter.
     6 | D        | Found an opulent altar of Gozag.
     6 | D        | Found an ancient bone altar of Kikubaaqudgha.
     6 | D        | Found a corrupted altar of Lugonu.
    12 | D        | Found a burning altar of Makhleb.
    13 | D        | Found a stormy altar of Qazlal.
    13 | D        | Found a sacrificial altar of Ru.
    13 | D        | Found an iron altar of Okawaru.
    13 | D        | Found a deep blue altar of Sif Muna.
    13 | D        | Found a sparkling altar of Nemelex Xobeh.
    13 | D        | Found a bloodstained altar of Trog.
    39 | D        | Killed Eustachio
    75 | D        | Entered arena 2.
    75 | D        | Noticed a phantom
    75 | D        | Found a transporter.
    82 | D        | Killed Duvessa
    96 | D        | Killed a phantom
    96 | D        | Reached skill level 1 in Polearms
    96 | D        | Reached XP level 2. HP: 34/34 MP: 1/1
    96 | D        | Reached XP level 3. HP: 39/39 MP: 2/2
    96 | D        | Reached XP level 4. HP: 47/47 MP: 3/3
   146 | D        | Killed Grinder
   198 | D        | Killed Maurice
   226 | D        | Entered arena 3.
   226 | D        | Noticed a purple draconian
   226 | D        | Noticed a green draconian
   226 | D        | Noticed a purple draconian
   226 | D        | Found a transporter.
   234 | D        | HP: 2/70 [purple draconian/+4 long sword of protection (3)]
   234 | D        | Mangled by a green draconian

Skill      XL: |  1 |
---------------+----+-----
Fighting       | 7 |  7.2
Axes           | 7 |  7.2
Polearms       | 1 |  1.3
Armour         | 4 |  4.2
Dodging        | 3 |  3.9

Action                   |  1- 3 |  4- 6 || total
-------------------------+-------+-------++-------
Melee: Demon trident     |    15 |     5 ||    20
       Headbutt          |     1 |     2 ||     3
Invok: Berserk           |     1 |     1 ||     2
Armor: Shadow dragon sca |     7 |     4 ||    11
Dodge: Dodged            |     3 |     3 ||     6
